 Dungeon Crawl Stone Soup version 0.25-a0-591-g2ad0d861f1 (webtiles) character file.

Game seed: 1286500128726286706, levelgen mode: deterministic

37 Defined the Fighter (level 3, -1/38 HPs)
             Began as a Gnoll Wanderer on Mar 14, 2020.
             Slain by a worm (7 damage)
             ... on level 2 of the Dungeon.
             The game lasted 00:02:00 (742 turns).

Defined the Fighter (Gnoll Wanderer)                 Turns: 742, Time: 00:02:01

Health: -1/38      AC:  5    Str: 18    XL:     3   Next: 41%
Magic:  9/9        EV: 10    Int: 13    God:
Gold:   32         SH:  0    Dex: 12    Spells: 12/12 levels left

rFire    . . .     SeeInvis .   a - +2 dagger
rCold    + . .     Gourm    .   (no shield)
rNeg     . . .     Faith    .   e - +0 ring mail
rPois    .         Spirit   .   (no helmet)
rElec    .         Reflect  .   j - -1 cloak (curse)
rCorr    .         Harm     .   (no gloves)
MR       .....                  (no boots)
Stlth    +.........             (no amulet)
HPRegen  0.12/turn              h - ring of protection from cold
MPRegen  0.11/turn              (no ring)

@: no status effects
A: distributed training, fangs 1, strong nose
a: no special abilities


You were on level 2 of the Dungeon.
You were not hungry.

You visited 1 branch of the dungeon, and saw 2 of its levels.

You collected 32 gold pieces.

Inventory:

Hand Weapons
 a - a +2 dagger (weapon)
 c - a +0 hand crossbow
Missiles
 b - 4 curare-tipped darts (quivered)
 d - 24 bolts
Armour
 e - a +0 ring mail (worn)
 j - a cursed -1 cloak (worn)
Jewellery
 h - a ring of protection from cold (left hand)
Scrolls
 k - 3 scrolls of identify {unknown}
 n - a scroll of fog {unknown}
 o - a scroll of remove curse {unknown}
Potions
 i - a potion of curing {unknown}
 l - a potion of resistance {unknown}
 m - 3 potions of cancellation {unknown}
 p - 2 potions of heal wounds {unknown}
Comestibles
 f - 5 chunks of flesh
 g - 2 rations


   Skills:
 + Level 8.5 Fighting
 + Level 0.7 Short Blades
 + Level 0.7 Long Blades
 + Level 0.7 Axes
 + Level 0.7 Maces & Flails
 + Level 0.7 Polearms
 + Level 0.7 Staves
 + Level 0.7 Slings
 + Level 0.7 Bows
 + Level 2.6 Crossbows
 + Level 2.6 Throwing
 + Level 0.7 Armour
 + Level 0.7 Dodging
 + Level 2.3 Stealth
 + Level 0.7 Shields
 + Level 0.7 Unarmed Combat
 + Level 5.0 Spellcasting
 + Level 0.5 Conjurations
 + Level 0.5 Hexes
 + Level 0.5 Charms
 + Level 0.5 Summonings
 + Level 0.5 Necromancy
 + Level 0.5 Translocations
 + Level 0.5 Transmutations
 + Level 2.1 Fire Magic
 + Level 0.5 Ice Magic
 + Level 0.5 Air Magic
 + Level 0.5 Earth Magic
 + Level 0.5 Poison Magic
 + Level 0.9 Invocations
 + Level 0.7 Evocations


You had 12 spell levels left.
You didn't know any spells.
Your spell library contained the following spells:

 Spells                   Type           Power        Failure   Level  Hunger
 Passwall                 Tmut/Erth      #.......     38%         2    ##.....
 Sticks to Snakes         Tmut           #.......     38%         2    ##.....


Dungeon Overview and Level Annotations

Branches:
Dungeon (2/15)

Altars:


Innate Abilities, Weirdness & Mutations

Your experience applies equally to all skills.
You have very sharp teeth.
Your uncanny sense of smell can sniff out nearby items.


Message History

* * * LOW HITPOINT WARNING * * *
You puncture the worm!
The worm is almost dead.
The bat hits you but does no damage. The bat barely misses you.
The bat barely misses you.
You hit the worm.
The worm is almost dead.
The bat barely misses you.
You barely miss the worm.
The worm is almost dead.
The bat closely misses you. The bat barely misses you.
The worm closely misses you.
You hit the worm.
The worm is almost dead.
The bat misses you.
You hit the worm.
The worm is almost dead.
The bat hits you but does no damage. The jackal barely misses you.
The worm bites you!
You die...

#.##...### .# ..
#..###...# ..## #.## #..
###.# #....
#....##.####.###....
.........((..#...#
.........###...#
##.###(..##..(#
#...(.....b.## ##.
.#######.....)..@h##.....
..........##.#.##w.......
######..)................
#........###...####......
..####.### ##.... ...)..
.## #..# ##...# ....# ##
#.## ##... ..?.. ###.# .
#.#. #...# .#


You could see a worm, a jackal and a bat.

Vanquished Creatures
  An adder (D:2)
  A dart slug (D:1)
  3 giant cockroaches
  4 goblins
  3 hobgoblins
  4 jackals (D:1)
  2 bats (D:1)
  A frilled lizard (D:2)
  5 kobolds (D:1)
  A rat (D:1)
25 creatures vanquished.

Notes
Turn   | Place    | Note
-------+----------+-------------------------------------------
     0 | D:1      | Defined the Gnoll Wanderer began the quest for the Orb.
     0 | D:1      | Defined set off with the following items: a +2 dagger, 4
                  | curare-tipped darts, a +0 hand crossbow, 24 bolts, a +0
                  | robe, a ration; and the following spells available to
                  | memorise: Passwall, Sticks to Snakes
     0 | D:1      | Reached XP level 1. HP: 26/26 MP: 6/6
   107 | D:1      | Reached XP level 2. HP: 32/33 MP: 7/7
   613 | D:2      | Reached XP level 3. HP: 34/38 MP: 9/9
   617 | D:2      | Reached skill level 5 in Spellcasting
   742 | D:2      | Slain by a worm

Levels and vault maps discovered:
D:1:      lemuel_arrival_behind_the_door_small, layout_rooms,
          serial_bayou_lagoon_a, minmay_misc_feat_square
D:2:      layout_rooms

Skill      XL: |  1  2  3 |
---------------+----------+-----
Fire Magic     | 2 |  2.1
Spellcasting   | 5 |  5.0
Fighting       | |  8.5
Short Blades   | |  0.7
Long Blades    | |  0.7
Axes           | |  0.7
Maces & Flails | |  0.7
Polearms       | |  0.7
Staves         | |  0.7
Slings         | |  0.7
Bows           | |  0.7
Crossbows      | |  2.6
Throwing       | |  2.6
Armour         | |  0.7
Dodging        | |  0.7
Stealth        | |  2.3
Shields        | |  0.7
Unarmed Combat | |  0.7
Conjurations   | |  0.5
Hexes          | |  0.5
Charms         | |  0.5
Summonings     | |  0.5
Necromancy     | |  0.5
Translocations | |  0.5
Transmutations | |  0.5
Ice Magic      | |  0.5
Air Magic      | |  0.5
Earth Magic    | |  0.5
Poison Magic   | |  0.5
Invocations    | |  0.9
Evocations     | |  0.7

Action                   || total
-------------------------++-------
Melee: Dagger            ||    96
       Bite              ||     5
Armor: Ring mail         ||    50
       Robe              ||     1
Dodge: Dodged            ||    77

Table legend:
 A = Non-vault XP
 B = Vault XP
 C = Vault XP percentage of total XP
 D = Non-vault monster count
 E = Vault monster count
 F = Vault count percentage of total count
                 A         B        C        D         E       F
            +---------+---------+-------+---------+---------+-------
      Total |      54 |       0 |   0.0 |      25 |       0 |   0.0
            +---------+---------+-------+---------+---------+-------
        D:1 |      31 |       0 |   0.0 |      18 |       0 |   0.0
        D:2 |      23 |       0 |   0.0 |       7 |       0 |   0.0
            +---------+---------+-------+---------+---------+-------
